Map: 羅曼死 - 天梯版

Players

Naxin - Winner!

  • Race: Terran Terran
  • Spawn Location: 11:00

Yoger

  • Race: Zerg Zerg
  • League: Master
  • Spawn Location: 5:00

Event: DreamHack SC2 Masters 2020 Winter

VOD

Have the link to the VOD?

Description

Time

  • Played on: Oct. 15, 2020, 8:14 a.m.
  • Length: 10:02

All games in this series

Show
View Real Time Build Order
Export as new Build Order

Naxin Terran - Winner!

Build Orders: Hellion Opening, Reaper Expand 

Get SALT Encoding   

  12  0:00  SCV  
  13  0:12  SCV  
  14  0:18  Supply Depot  
  14  0:24  SCV  
  15  0:39  SCV  
  15  0:41  Barracks  
  16  0:45  Refinery  
  16  0:51  SCV  
  17  1:04  SCV  
  18  1:16  SCV  
  19  1:28  Reaper, Orbital Command  
  20  1:39  Command Center  
  20  1:48  Supply Depot  
  20  1:53  SCV  
  21  2:00  Marine  
  22  2:05  SCV  
  22  2:08  Bunker  
  23  2:13  Factory  
  23  2:17  SCV  
  24  2:23  Barracks Reactor  
  24  2:26  Refinery  
  24  2:29  SCV  
  25  2:42  SCV  
  26  2:51  Orbital Command  
  26  2:54  SCV  
  27  2:59  Starport  
  27  3:06  SCV, Barracks Tech Lab  
  27  3:09  Hellion x2  
  32  3:16  SCV  
  32  3:18  SCV  
  34  3:21  Supply Depot  
  34  3:30  SCV x2  
  34  3:31  Hellion x2  
  34  3:32  Barracks Tech Lab  
  40  3:42  SCV x2  
  45  3:54  SCV x2  
  47  3:59  Hellion x2  
  50  4:07  Viking, Marine  
  50  4:08  Stimpack  
  50  4:12  Barracks  
  50  4:13  SCV x2  
  50  4:14  Supply Depot  
  50  4:16  Barracks  
  52  4:25  SCV x2  
  54  4:31  Factory Reactor  
  54  4:32  Supply Depot  
  54  4:34  Barracks  
  54  4:35  Marine  
  54  4:37  SCV  
  54  4:38  SCV  
  55  4:50  SCV x2  
  55  4:53  Marine  
  55  4:54  Supply Depot  
  55  4:55  Starport Reactor  
  55  4:58  Barracks  
  56  5:00  Supply Depot  
  56  5:02  SCV  
  57  5:07  SCV  
  57  5:11  Combat Shield, Marine x3  
  57  5:12  Marine  
  57  5:13  Hellion x2  
  57  5:14  SCV  
  67  5:18  Supply Depot  
  67  5:22  Marine  
  67  5:24  Engineering Bay  
  67  5:25  Refinery  
  68  5:29  Marine x3  
  68  5:31  Marine  
  68  5:34  Hellion x2  
  68  5:35  Medivac x2  
  80  5:40  Armory, Marine  
  81  5:45  Supply Depot  
  81  5:46  Marine  
  81  5:47  Marine x2  
  84  5:51  Terran Infantry Weapons Level 1  
  84  5:54  Marine  
  85  5:58  Marine x2  
  84  6:04  Marine x2  
  84  6:05  Medivac, Marine  
  84  6:11  Hellion x2  
  93  6:12  Marine  
  93  6:16  Marine  
  95  6:18  Supply Depot  
  95  6:19  Supply Depot  
  95  6:21  Marine  
  95  6:22  Marine  
  97  6:26  Marine x2  
  97  6:30  Marine  
  99  6:34  Liberator  
  100  6:40  Liberator  
  100  6:42  Hellion x2  
  100  6:46  Supply Depot, Orbital Command  
  107  6:52  Marine  
  107  6:54  Marine x2  
  108  6:55  Marine x2  
  108  6:59  Supply Depot  
  108  7:00  Supply Depot  
  111  7:04  Hellion  
  111  7:15  Marine x2  
  113  7:17  Medivac  
  113  7:21  Marine  
  111  7:26  Marine  
  100  7:31  Hellion x2, Marine  
  100  7:34  Marine x2  
  100  7:35  Marine  
  100  7:36  Medivac  
  102  7:39  Marine  
  92  7:44  Marine  
  92  7:49  Marine  
  94  7:52  Marine x3  
  94  7:57  Medivac, Marine  
  94  7:58  Hellion x2  
  100  8:02  Marine  
  98  8:07  Marine  
  98  8:12  Marine  
  98  8:13  Marine x2  
  98  8:15  Marine  
  99  8:20  Marine  
  99  8:21  Hellion x2  
  99  8:25  Marine  
  105  8:30  Marine  
  105  8:31  Marine x2  
  105  8:33  Marine  
  109  8:38  Marine  
  108  8:42  Marine  
  108  8:43  Hellion x2  
  108  8:45  Medivac  
  108  8:48  Marine  
  115  8:49  Marine x2  
  115  8:50  Marine  
  113  8:59  Marine  
  113  9:00  Marine  
  104  9:04  Hellion  
  104  9:05  Marine  
  104  9:06  Marine  
  104  9:09  Marine x2  
  107  9:10  Liberator  
  107  9:15  Liberator  
  114  9:17  Marine  
  114  9:18  Command Center, Marine  
  114  9:23  Marine  
  117  9:24  Marine  
  117  9:25  Hellion  
  117  9:26  Hellion  
  117  9:27  Marine  
  113  9:37  Marine x2  
  113  9:38  Marauder  
  115  9:43  Marine  
Show
View Real Time Build Order
Export as new Build Order

Yoger Zerg 

Build Orders: Hatch First, Swarm Host 

Get SALT Encoding   

  12  0:00  Drone  
  13  0:14  Overlord  
  13  0:18  Drone  
  14  0:32  Drone x2  
  16  0:51  Hatchery  
  16  0:53  Drone  
  16  0:56  Drone  
  17  1:00  Drone  
  18  1:10  Extractor  
  17  1:16  Spawning Pool  
  16  1:19  Drone  
  16  1:23  Drone  
  18  1:30  Drone  
  19  1:43  Drone  
  20  1:52  Overlord  
  20  2:03  Queen x2  
  20  2:04  Zergling x4  
  26  2:16  Metabolic Boost  
  26  2:18  Drone x2  
  28  2:24  Drone x2  
  30  2:34  Spore Crawler  
  30  2:36  Drone x2  
  31  2:41  Queen  
  34  2:47  Overlord  
  34  2:52  Drone  
  36  2:58  Drone  
  36  3:05  Queen  
  36  3:10  Drone  
  36  3:11  Drone  
  36  3:12  Overlord  
  40  3:14  Drone x2  
  40  3:17  Drone  
  40  3:18  Drone  
  40  3:19  Lair  
  44  3:23  Extractor  
  44  3:24  Drone  
  44  3:31  Drone x2  
  46  3:39  Drone  
  47  3:41  Overlord  
  47  3:47  Extractor x2  
  45  3:50  Drone x3  
  48  3:59  Hatchery, Overlord, Drone  
  48  4:07  Drone x2  
  50  4:15  Drone x3  
  53  4:21  Infestation Pit  
  52  4:25  Zergling x4, Nydus Network  
  52  4:26  Zergling x4  
  55  4:32  Overlord  
  53  4:50  Overlord  
  53  4:51  Overlord x2  
  53  5:00  Swarm Host  
  53  5:01  Swarm Host x2  
  53  5:03  Swarm Host  
  65  5:10  Swarm Host x3  
  74  5:18  Swarm Host  
  77  5:22  Swarm Host  
  77  5:27  Nydus Canal  
  80  5:32  Overlord  
  80  5:33  Swarm Host  
  83  5:38  Drone x3  
  83  5:42  Drone x2  
  88  5:43  Roach Warren  
  88  5:44  Swarm Host, Evolution Chamber  
  89  5:51  Swarm Host  
  89  5:54  Nydus Canal  
  92  6:01  Drone x5  
  97  6:07  Overlord  
  97  6:08  Overlord  
  96  6:24  Swarm Host  
  97  6:26  Nydus Canal  
  97  6:30  Overlord x2  
  97  6:31  Zerg Missile Weapons Level 1  
  97  6:34  Swarm Host  
  97  6:39  Drone x3  
  103  6:43  Swarm Host  
  106  6:54  Roach x5  
  109  7:00  Queen  
  117  7:07  Roach x3  
  117  7:08  Roach x3  
  129  7:15  Overlord x2  
  129  7:20  Overlord  
  129  7:23  Roach Warren  
  128  7:34  Zergling x14  
  128  7:35  Zergling x6, Overlord x2  
  128  7:42  Zergling x6  
  114  7:56  Zergling x8  
  106  8:02  Queen  
  106  8:03  Queen x2  
  103  8:10  Spore Crawler  
  102  8:16  Roach x3  
  104  8:25  Roach x3  
  98  8:38  Roach x2  
  84  8:49  Roach  
  84  8:52  Roach  
  79  9:03  Roach  
  79  9:04  Queen  
  79  9:07  Roach  
  85  9:12  Roach  
  85  9:14  Ravager x2  
  91  9:24  Roach  
  89  9:34  Roach x2  
  93  9:45  Hatchery  
  92  9:51  Spawning Pool  
Tags
 
Add a new tag
Caveats
  • Supply blocks, unpowered buildings, or Contaminate may cause inaccurate times.
  • Supply counts are checked every 10 seconds.